 Dungeon Crawl Stone Soup version 0.29.0-4-gdea44cf6ec (webtiles) character file.

Game seed: 14915894271961935429

44 qw the Sneak (level 3, -1/23 HPs)
             Began as a Gargoyle Delver on Sept 10, 2022.
             Slain by Jessica
             ... wielding a +0 club
              (5 damage)
             ... on level 3 of the Dungeon.
             The game lasted 00:00:57 (2339 turns).

qw the Sneak (Gargoyle Delver)                      Turns: 2339, Time: 00:00:58

Health: -1/23      AC: 14    Str: 17    XL:     3   Next: 60%
Magic:  3/3        EV:  5    Int: 10    God:
Gold:   5          SH:  0    Dex: 11    Spells: 2/2 levels left

rFire   + . .      SeeInvis .   Y - +2 hand axe
rCold   + . .      Faith    .   (no shield)
rNeg    + . .      Spirit   .   o - +0 plate armour
rPois   inf        Reflect  .   (no helmet)
rElec   +          Harm     .   (no cloak)
rCorr   +          Rampage  .   d - +0 pair of gloves
Will    .....                   (no boots)
Stlth   ..........              (no amulet)
HPRegen 0.07/turn               (no ring)
MPRegen 0.08/turn               (no ring)

@: about to teleport, resistant (expiring)
A: sickness immunity, AC +3, negative energy resistance 1, electricity
resistance, torment resistance 1, petrification resistance
a: no special abilities


You were on level 3 of the Dungeon.
You visited 1 branch of the dungeon, and saw 5 of its levels.

You collected 80 gold pieces.
You spent 75 gold pieces at shops.


Innate Abilities, Weirdness & Mutations

You are immune to sickness and miasma.
Your stone body is resilient. (AC +3)
You are immune to poison.
You resist negative energy. (rN+)
You are resistant to electric shocks. (rElec)
You are resistant to unholy torment.
You are immune to petrification.


   Skills:
 - Level 3.2 Fighting
 - Level 3.2 Axes
 + Level 1.4 Armour
 - Level 1.5 Dodging
 - Level 5.4 Stealth


You had 2 spell levels left.
You didn't know any spells.
Your spell library was empty.

Inventory:

Hand Weapons
 m - a +0 mace
 Y - a +2 hand axe (weapon)
Armour
 d - a +0 pair of gloves (worn)
 o - a +0 plate armour (worn)
Wands
 g - a wand of digging (3)
Scrolls
 i - a scroll of identify
Potions
 b - a potion of resistance
 c - a potion of invisibility {unknown}
 e - a potion of brilliance {unknown}
 f - a potion of haste
 j - a potion of flight {unknown}

Dungeon Overview and Level Annotations

Branches:
Dungeon (5/15)
 Temple: D:4-7

Altars:

Shops:
D:2 ?

Annotations:
D:3 Grinder, Jessica


Message History

Grinder hits you.
You writhe in agony.
You hit Grinder but do no damage.
Grinder is moderately wounded.
Grinder blinks!
Jessica hits you but does no damage.
Grinder blinks!
You hit Jessica.
Jessica is moderately wounded.
Jessica hits you but does no damage.
You closely miss Jessica.
Jessica is moderately wounded.
Jessica hits you with a +0 club.
A dart slug comes into view.
Jessica hits you with a +0 club.
You hit Jessica but do no damage.
Jessica is lightly wounded.
Jessica hits you but does no damage.
You barely miss Jessica.
Jessica is lightly wounded.
Grinder blinks!
Jessica hits you but does no damage.
You closely miss Grinder.
Grinder is moderately wounded.
You hit Jessica.
You start to feel less resistant.
Jessica gestures at you while chanting. You resist with some effort.
Grinder hits you but does no damage.
You hit Jessica.
Jessica is almost dead.
You hit Grinder.
Jessica gestures wildly.
Jessica casts a spell at you. Pain shoots through your body!
Grinder gestures at you. Pain shoots through your body!
The dart slug launches a dart at you.
The slug dart hits you but does no damage.
2339 ||| READING scroll of teleportation.
As you read the scroll of teleportation, it crumbles to dust.
You feel strangely unstable. Jessica hits you with a +0 club.
You die...

.# ##.# ...# #..# #..#
#.. . ####@# ##..
#.#...@##########.....
......5.....w!.<...##
#.?#...........>....#
# #....#####.###.#.#
####.# #8.8# .# # ..#
....... #
####.##8.8### . ##.##
..#


You could see Grinder, a dart slug and Jessica.

Vanquished Creatures
  5 bats
  2 endoplasms
  4 giant cockroaches
  A goblin (D:2)
  3 hobgoblins
  4 jackals (D:1)
  4 quokkas
  5 ball pythons
  2 frilled lizards (D:1)
  4 kobolds
  5 rats (D:2)
39 creatures vanquished.

Notes
Turn   | Place    | Note
-------+----------+-------------------------------------------
     0 | D:5      | qw the Gargoyle Delver began the quest for the Orb.
     0 | D:5      | Reached XP level 1. HP: 14/14 MP: 1/1
     0 | D:5      | 0 ||| qw: Version: 0.1-a-117-gfe26ee0
     0 | D:5      | 0 ||| qw: Game counter: 9572
     0 | D:5      | 0 ||| qw: Always use a shield: true
     0 | D:5      | 0 ||| qw: God list: Okawaru
     0 | D:5      | 0 ||| qw: Allow faded altars: false
     0 | D:5      | 0 ||| qw: Do Orc after D:15 true
     0 | D:5      | 0 ||| qw: Do second Lair branch before Depths: true
     0 | D:5      | 0 ||| qw: Lair rune preference: random
     0 | D:5      | 0 ||| qw: Plans: Normal
     0 | D:5      | 0 ||| PLANNING D:1-11
     0 | D:5      | 0 ||| DROPPING scroll of fog.
     1 | D:5      | 1 ||| DROPPING scroll of magic mapping.
     2 | D:5      | 2 ||| DROPPING scroll of fear.
    63 | D:4      | 63 ||| Stepping ~*~*~tactically~*~*~ (stealth).
    64 | D:4      | 64 ||| Stepping ~*~*~tactically~*~*~ (stealth).
    71 | D:4      | 71 ||| Stepping ~*~*~tactically~*~*~ (stealth).
    72 | D:4      | 72 ||| Stepping ~*~*~tactically~*~*~ (stealth).
    73 | D:4      | 73 ||| Stepping ~*~*~tactically~*~*~ (stealth).
    74 | D:4      | 74 ||| FLEEEEING.
    75 | D:4      | 75 ||| FLEEEEING.
    76 | D:4      | 76 ||| FLEEEEING.
    81 | D:4      | 81 ||| STAIRDANCE
    82 | D:3      | Noticed Jessica
    82 | D:3      | Noticed Grinder
    83 | D:3      | 83 ||| FLEEEEING.
    84 | D:3      | 84 ||| STAIRDANCE
   224 | D:2      | 224 ||| UPGRADING to +0 pair of gloves.
   229 | D:2      | 229 ||| READING scroll labelled SOASEY NASCH.
   234 | D:2      | 234 ||| READING scroll labelled ERETSA YHAXO.
   235 | D:2      | 235 ||| DRINKING 2 fuming white potions.
   270 | D:2      | 270 ||| DROPPING potion of lignification.
   271 | D:2      | 271 ||| Stepping ~*~*~tactically~*~*~ (stealth).
   275 | D:2      | 275 ||| Stepping ~*~*~tactically~*~*~ (stealth).
   281 | D:2      | 281 ||| Stepping ~*~*~tactically~*~*~ (stealth).
   330 | D:1      | 330 ||| Stepping ~*~*~tactically~*~*~ (stealth).
   339 | D:1      | Reached XP level 2. HP: 12/19 MP: 2/2
   568 | D:1      | Found a faded altar of an unknown god.
   886 | D:1      | 886 ||| DROPPING -3 whip.
  1079 | D:1      | Reached skill level 3 in Axes
  1225 | D:1      | Reached XP level 3. HP: 23/23 MP: 3/3
  1257 | D:1      | 1257 ||| Stepping ~*~*~tactically~*~*~ (stealth).
  1440 | D:1      | 1440 ||| UPGRADING to +0 ring mail.
  1450 | D:1      | 1450 ||| DROPPING +0 leather armour.
  1451 | D:1      | 1451 ||| UPGRADING to +0 plate armour.
  1461 | D:1      | 1461 ||| DROPPING +0 ring mail.
  1462 | D:1      | 1462 ||| READING scroll labelled KUNAGHYGHA.
  1463 | D:1      | 1463 ||| READING scroll labelled IXUOSOTEWU.
  1464 | D:1      | 1464 ||| READING scroll labelled PISTRU XOFIU.
  1465 | D:1      | 1465 ||| DRINKING 2 fizzy orange potions.
  1466 | D:1      | 1466 ||| DROPPING potion of attraction.
  1513 | D:2      | 1513 ||| Stepping ~*~*~tactically~*~*~ (stealth).
  1770 | D:2      | 1770 ||| Stepping ~*~*~tactically~*~*~ (stealth).
  1775 | D:2      | Reached skill level 1 in Armour
  1787 | D:2      | 1787 ||| Stepping ~*~*~tactically~*~*~ (stealth).
  1788 | D:2      | 1788 ||| Stepping ~*~*~tactically~*~*~ (stealth).
  2012 | D:2      | Found Sezuy's Magic Scroll Shoppe.
  2019 | D:2      | 2019 ||| SHOPLISTING scroll of acquirement (520 gold, have
                  | 80).
  2019 | D:2      | 2019 ||| BUYING scroll of enchant weapon (75 gold).
  2019 | D:2      | Bought a scroll of enchant weapon for 75 gold pieces
  2019 | D:2      | 2019 ||| SHOPLISTING scroll of identify (20 gold, have 5).
  2019 | D:2      | 2019 ||| SHOPLISTING scroll of teleportation (30 gold, have
                  | 5).
  2019 | D:2      | 2019 ||| READING scroll of enchant weapon.
  2019 | D:2      | 2019 ||| ENCHANTING +1 hand axe.
  2305 | D:2      | 2305 ||| READING 3 scrolls labelled KUPHA WEOFIEGG.
  2306 | D:2      | 2306 ||| READING scroll labelled KOSALA WEANY.
  2307 | D:2      | 2307 ||| DRINKING 2 murky yellow potions.
  2308 | D:2      | 2308 ||| READING 2 scrolls of identify.
  2308 | D:2      | 2308 ||| IDENTIFYING blue potion
  2309 | D:2      | 2309 ||| DROPPING potion of berserk rage.
  2338 | D:3      | HP: 4/23 [Grinder/nerve-wracking pain (5)]
  2339 | D:3      | 2339 ||| READING scroll of teleportation.
  2339 | D:3      | Slain by Jessica

Levels and vault maps discovered:
D:1:      dpeg_arrival_rooms_a, layout_basic, ebering_ecumenical_altar_rust,
          kennysheep_boxes
D:2:      layout_loops_corners, serial_shops, shop
D:3:      layout_loops_ring, small_statue_intersection, uniq_jessica,
          uniq_grinder
D:4:      layout_basic, uniq_edmund
D:5:      layout_gridville

Skill      XL: |  1  2  3 |
---------------+----------+-----
Axes           | 2 3 |  3.2
Armour         | 1 |  1.4
Fighting       | |  3.2
Dodging        | |  1.5
Stealth        | |  5.4

Action                   || total
-------------------------++-------
Melee: Hand axe          ||   134
  Use: Scroll            ||    10
       Potion            ||     3
 Stab: Sleeping          ||     1
Armor: Leather armour    ||    46
       Plate armour      ||    30
Dodge: Dodged            ||    73

Table legend:
 A = Non-vault XP
 B = Vault XP
 C = Vault XP percentage of total XP
 D = Non-vault monster count
 E = Vault monster count
 F = Vault count percentage of total count
                 A         B        C        D         E       F
            +---------+---------+-------+---------+---------+-------
      Total |      63 |       0 |   0.0 |      39 |       0 |   0.0
            +---------+---------+-------+---------+---------+-------
        D:1 |      33 |       0 |   0.0 |      19 |       0 |   0.0
        D:2 |      30 |       0 |   0.0 |      20 |       0 |   0.0
            +---------+---------+-------+---------+---------+-------
